| TOP OF THE 1ST |
|
Winnipeg Goldeyes batting - Pitching for Southern Maryland Blue Crabs : RHP Bruce Yeager
|
|
Pitching: RHP Bruce Yeager
|
|
|
Batting: LHB Jon Ventura
|
0-0: Foul Ball, location: 2F 0-1: Swinging Strike 0-2: Ball 1-2: Foul Ball, location: 2F 1-2: Ball 2-2: Foul Ball, location: 2F 2-2: Ball 3-2: SINGLE (Line Drive, 3D, EV 98.8 MPH)
|
|
Batting: RHB Sergio Gomez
|
0-0: Ball Jon Ventura is caught stealing 2nd base 2-4 1-0: Ball 2-0: Ground out 6-3 (Groundball, 6M, EV 85.6 MPH)
|
|
Batting: RHB Tim Carter
|
0-0: Ball 1-0: Ball 2-0: Swinging Strike 2-1: Swinging Strike 2-2: Strikes out looking
|
| Top of the 1st over - 0 runs, 1 hit, 0 errors, 0 left on base; Winnipeg 0 - Southern Maryland 0 |
| BOTTOM OF THE 1ST |
|
Southern Maryland Blue Crabs batting - Pitching for Winnipeg Goldeyes : LHP Eduardo Lopez
|
|
Pitching: LHP Eduardo Lopez
|
|
|
Batting: RHB Kevin Popowicz
|
0-0: Swinging Strike 0-1: Ball 1-1: Foul Ball, location: 2F 1-2: Foul Ball, location: 2F 1-2: Foul Ball, location: 2F 1-2: Ball 2-2: Foul Ball, location: 2F 2-2: Strikes out swinging
|
|
Batting: LHB Jeremy Nuzzo
|
0-0: Called Strike 0-1: Ball 1-1: Foul Ball, location: 2F 1-2: Foul Ball, location: 2F 1-2: DOUBLE (Groundball, 3L, EV 107.5 MPH)
|
|
Batting: RHB Maup Gommers
|
0-0: Ball 1-0: Called Strike 1-1: Called Strike 1-2: Foul Ball, location: 2F 1-2: Ball 2-2: Foul Ball, location: 2F 2-2: Ground out 5-3 (Groundball, 5, EV 89.4 MPH)
|
|
Batting: RHB Jonathan Mendoza
|
0-0: Called Strike 0-1: Ball 1-1: Foul Ball, location: 2F 1-2: Strikes out swinging
|
| Bottom of the 1st over - 0 runs, 1 hit, 0 errors, 1 left on base; Winnipeg 0 - Southern Maryland 0 |
| TOP OF THE 2ND |
|
Winnipeg Goldeyes batting - Pitching for Southern Maryland Blue Crabs : RHP Bruce Yeager
|
|
Batting: LHB Marshall Daul
|
0-0: Called Strike 0-1: Ball 1-1: Foul Ball, location: 2F 1-2: Ball 2-2: Foul Ball, location: 2F 2-2: Ball 3-2: Reached on error, E6 (Groundball, 6M, EV 81.9 MPH)
|
|
Batting: RHB Caleb Bockmann
|
0-0: Called Strike 0-1: Ball 1-1: Ball 2-1: Foul Ball, location: 2F 2-2: Ball 3-2: Foul Ball, location: 2F 3-2: Foul Ball, location: 2F 3-2: Base on Balls
|
|
Batting: LHB David Ramos
|
0-0: DOUBLE (Line Drive, 78D, EV 104.4 MPH) Marshall Daul scores Caleb Bockmann to third
|
|
Batting: RHB Terry Oetker
|
0-0: Ball 1-0: Ground out 6-3 (Groundball, 6MS, EV 82.5 MPH) Caleb Bockmann scores David Ramos to third
|
|
Batting: RHB Nestor Moreno
|
0-0: Ball 1-0: Ball 2-0: Ball 3-0: Base on Balls
|
|
Batting: RHB Ratko Macura
|
0-0: Called Strike Nestor Moreno steals 2nd base 0-1: Foul Ball, location: 2F 0-2: Fly out, F7 (Flyball, 78S, EV 73.8 MPH)
|
|
Batting: LHB Jon Ventura
|
0-0: Ball 1-0: Ball 2-0: Ball 3-0: Base on Balls
|
|
Batting: RHB Sergio Gomez
|
0-0: Foul Ball, location: 2F 0-1: Ball 1-1: Swinging Strike 1-2: Ball 2-2: Strikes out swinging
|
| Top of the 2nd over - 2 runs, 1 hit, 1 error, 3 left on base; Winnipeg 2 - Southern Maryland 0 |
| BOTTOM OF THE 2ND |
|
Southern Maryland Blue Crabs batting - Pitching for Winnipeg Goldeyes : LHP Eduardo Lopez
|
|
Batting: SHB Eric Kelley
|
0-0: SINGLE (Groundball, 34D, EV 100.0 MPH)
|
|
Batting: RHB Minoru Matsumoto
|
0-0: Foul Ball, location: 2F 0-1: Foul Ball, location: 2F 0-2: Ball 1-2: Strikes out swinging
|
|
Batting: RHB Simon Van Steenwyk
|
0-0: Called Strike 0-1: Ball 1-1: Ball 2-1: Fly out, F3 (Popup, 23F, EV 91.9 MPH)
|
|
Batting: LHB Ivan Alvarez
|
0-0: Ball 1-0: Fly out, F6 (Line Drive, 6MD, EV 70.0 MPH)
|
| Bottom of the 2nd over - 0 runs, 1 hit, 0 errors, 1 left on base; Winnipeg 2 - Southern Maryland 0 |
| TOP OF THE 3RD |
|
Winnipeg Goldeyes batting - Pitching for Southern Maryland Blue Crabs : RHP Bruce Yeager
|
|
Batting: RHB Tim Carter
|
0-0: Swinging Strike 0-1: Ground out 5-3 (Groundball, 56, EV 109.4 MPH)
|
|
Batting: LHB Marshall Daul
|
0-0: Ball 1-0: Foul Ball, location: 2F 1-1: Swinging Strike 1-2: Ball 2-2: Ground out 6-3 (Groundball, 6M, EV 87.5 MPH)
|
|
Batting: RHB Caleb Bockmann
|
0-0: Foul Ball, location: 2F 0-1: Ball 1-1: Ball 2-1: Ground out 6-3 (Groundball, 6, EV 80.6 MPH)
|
| Top of the 3rd over - 0 runs, 0 hits, 0 errors, 0 left on base; Winnipeg 2 - Southern Maryland 0 |
| BOTTOM OF THE 3RD |
|
Southern Maryland Blue Crabs batting - Pitching for Winnipeg Goldeyes : LHP Eduardo Lopez
|
|
Batting: RHB Eddie Morin
|
0-0: SINGLE (Groundball, 56, EV 103.1 MPH) (infield hit)
|
|
Batting: RHB Kevin Popowicz
|
0-0: Ball 1-0: Ball 2-0: Ball 3-0: Base on Balls Eddie Morin to second
|
|
Batting: LHB Jeremy Nuzzo
|
0-0: Called Strike 0-1: Called Strike 0-2: Ball 1-2: Foul Ball, location: 2F 1-2: Strikes out swinging
|
|
Batting: RHB Maup Gommers
|
0-0: SINGLE (Groundball, 6MD, EV 113.8 MPH) Eddie Morin to third Kevin Popowicz to second
|
|
Batting: RHB Jonathan Mendoza
|
0-0: Ball 1-0: Swinging Strike 1-1: Ball Wild Pitch! Eddie Morin scores Kevin Popowicz to third Maup Gommers to second 2-1: Ball 3-1: Called Strike 3-2: Strikes out swinging
|
|
Batting: SHB Eric Kelley
|
0-0: Ball 1-0: Ball 2-0: Ball 3-0: Called Strike 3-1: Foul Ball, location: 2F 3-2: Foul Ball, location: 2F 3-2: Fly out, F8 (Flyball, 8LM, EV 81.2 MPH)
|
| Bottom of the 3rd over - 1 run, 2 hits, 0 errors, 2 left on base; Winnipeg 2 - Southern Maryland 1 |
| TOP OF THE 4TH |
|
Winnipeg Goldeyes batting - Pitching for Southern Maryland Blue Crabs : RHP Bruce Yeager
|
|
Batting: LHB David Ramos
|
0-0: Hit by Pitch
|
|
Batting: RHB Terry Oetker
|
0-0: Reached on error, E5 (Groundball, 56S, EV 65.6 MPH) David Ramos to third
|
|
Batting: RHB Nestor Moreno
|
0-0: Called Strike 0-1: Foul Ball, location: 2F 0-2: Strikes out looking
|
|
Batting: RHB Ratko Macura
|
0-0: Ball 1-0: Foul Ball, location: 2F 1-1: Called Strike 1-2: Strikes out looking
|
|
Batting: LHB Jon Ventura
|
0-0: Ball 1-0: Swinging Strike 1-1: Ball 2-1: Swinging Strike 2-2: Strikes out swinging
|
| Top of the 4th over - 0 runs, 0 hits, 1 error, 2 left on base; Winnipeg 2 - Southern Maryland 1 |
| BOTTOM OF THE 4TH |
|
Southern Maryland Blue Crabs batting - Pitching for Winnipeg Goldeyes : LHP Eduardo Lopez
|
|
Batting: RHB Minoru Matsumoto
|
0-0: Ball 1-0: Foul Ball, location: 2F 1-1: SOLO HOME RUN (Flyball, 7D, EV 99.4 MPH), Distance : 392 ft
|
|
Batting: RHB Simon Van Steenwyk
|
0-0: Ball 1-0: Called Strike 1-1: Foul Ball, location: 2F 1-2: Foul Ball, location: 2F 1-2: Hit by Pitch
|
|
Batting: LHB Ivan Alvarez
|
Balk! Simon Van Steenwyk to second 0-0: Ball 1-0: Ball 2-0: Bunt missed! 2-1: Bunt - Flyout to 25! F5
|
|
Batting: RHB Eddie Morin
|
0-0: Called Strike 0-1: Ground out 6-3 (Groundball, 6, EV 86.2 MPH)
|
|
Batting: RHB Kevin Popowicz
|
Balk! Simon Van Steenwyk to third 0-0: Swinging Strike 0-1: Ball 1-1: Ball 2-1: Foul Ball, location: 2F 2-2: Strikes out looking
|
| Bottom of the 4th over - 1 run, 1 hit, 0 errors, 1 left on base; Winnipeg 2 - Southern Maryland 2 |
| TOP OF THE 5TH |
|
Winnipeg Goldeyes batting - Pitching for Southern Maryland Blue Crabs : RHP Bruce Yeager
|
|
Batting: RHB Sergio Gomez
|
0-0: Foul Ball, location: 2F 0-1: Ball 1-1: Ball 2-1: Foul Ball, location: 2F 2-2: Foul Ball, location: 2F 2-2: Ground out 3-1 (Groundball, 34S, EV 80.0 MPH)
|
|
Batting: RHB Tim Carter
|
0-0: Ball 1-0: Ball 2-0: Foul Ball, location: 2F 2-1: Foul Ball, location: 2F 2-2: Ball 3-2: Base on Balls
|
|
Pitching: RHP Rod Najera
|
|
|
Batting: LHB Marshall Daul
|
0-0: Ball Tim Carter is caught stealing 2nd base 2-6 1-0: Foul Ball, location: 2F 1-1: Ball 2-1: Ball 3-1: Foul Ball, location: 2F 3-2: Foul Ball, location: 2F 3-2: Foul Ball, location: 2F 3-2: SOLO HOME RUN (Flyball, 7D, EV 96.9 MPH), Distance : 399 ft
|
|
Batting: RHB Caleb Bockmann
|
0-0: Called Strike 0-1: Ball 1-1: Ball 2-1: DOUBLE (Line Drive, 9LM, EV 96.9 MPH)
|
|
Batting: LHB David Ramos
|
0-0: Ball 1-0: Ball 2-0: Ball 3-0: Foul Ball, location: 2F 3-1: Foul Ball, location: 2F 3-2: Base on Balls
|
|
Batting: RHB Terry Oetker
|
0-0: Called Strike 0-1: Swinging Strike 0-2: Strikes out looking
|
| Top of the 5th over - 1 run, 2 hits, 0 errors, 2 left on base; Winnipeg 3 - Southern Maryland 2 |
| BOTTOM OF THE 5TH |
|
Southern Maryland Blue Crabs batting - Pitching for Winnipeg Goldeyes : LHP Eduardo Lopez
|
|
Batting: LHB Jeremy Nuzzo
|
0-0: Ball 1-0: Ball 2-0: Ball 3-0: Called Strike 3-1: Base on Balls
|
|
Batting: RHB Maup Gommers
|
0-0: Foul Ball, location: 2F 0-1: Called Strike 0-2: Strikes out looking
|
|
Batting: RHB Jonathan Mendoza
|
0-0: Swinging Strike 0-1: Ball 1-1: Swinging Strike 1-2: Strikes out swinging
|
|
Batting: SHB Eric Kelley
|
0-0: Called Strike 0-1: Swinging Strike 0-2: Foul Ball, location: 2F 0-2: Ball 1-2: SINGLE (Line Drive, 78S, EV 96.9 MPH) Jeremy Nuzzo to second
|
|
Batting: RHB Minoru Matsumoto
|
0-0: Foul Ball, location: 2F 0-1: Ball 1-1: Swinging Strike 1-2: Ball 2-2: Strikes out looking
|
| Bottom of the 5th over - 0 runs, 1 hit, 0 errors, 2 left on base; Winnipeg 3 - Southern Maryland 2 |
| TOP OF THE 6TH |
|
Winnipeg Goldeyes batting - Pitching for Southern Maryland Blue Crabs : RHP Rod Najera
|
|
Batting: RHB Nestor Moreno
|
0-0: Bunted foul 0-1: Ball 1-1: Foul Ball, location: 2F 1-2: Fly out, F8 (Flyball, 8LS, EV 95.0 MPH)
|
|
Batting: RHB Ratko Macura
|
0-0: Ball 1-0: Foul Ball, location: 2F 1-1: Ground out 1-3 (Groundball, P, EV 70.0 MPH)
|
|
Batting: LHB Jon Ventura
|
0-0: Called Strike 0-1: Swinging Strike 0-2: Strikes out looking
|
| Top of the 6th over - 0 runs, 0 hits, 0 errors, 0 left on base; Winnipeg 3 - Southern Maryland 2 |
| BOTTOM OF THE 6TH |
|
Southern Maryland Blue Crabs batting - Pitching for Winnipeg Goldeyes : LHP Eduardo Lopez
|
|
Batting: RHB Simon Van Steenwyk
|
0-0: Ball 1-0: Ball 2-0: Called Strike 2-1: Foul Ball, location: 2F 2-2: Fly out, F9 (Flyball, 9LSF, EV 91.2 MPH)
|
|
Pitching: RHP Olegário Salsinha
|
|
|
Batting: LHB Ivan Alvarez
|
0-0: Ball 1-0: Ground out 4-3 (Groundball, 4, EV 100.6 MPH)
|
|
Pinch Hitting: RHB Alfredo Reguera
|
0-0: Called Strike 0-1: Foul Ball, location: 2F 0-2: Ball 1-2: Strikes out swinging
|
| Bottom of the 6th over - 0 runs, 0 hits, 0 errors, 0 left on base; Winnipeg 3 - Southern Maryland 2 |
| TOP OF THE 7TH |
|
Winnipeg Goldeyes batting - Pitching for Southern Maryland Blue Crabs : RHP Rod Najera
|
|
Now at 1B: Kevin Popowicz
|
|
|
Now at 2B: Ivan Alvarez
|
|
|
Now at 3B: Chris Cohen
|
|
|
Now at SS: Maup Gommers
|
|
|
Batting: RHB Sergio Gomez
|
0-0: Ball 1-0: Foul Ball, location: 2F 1-1: SINGLE (Line Drive, 8LS, EV 92.5 MPH)
|
|
Batting: RHB Tim Carter
|
0-0: Ball 1-0: Ball 2-0: Ball 3-0: Called Strike 3-1: Base on Balls Sergio Gomez to second
|
|
Batting: LHB Marshall Daul
|
0-0: Foul Ball, location: 2F 0-1: Swinging Strike 0-2: Strikes out swinging
|
|
Batting: RHB Caleb Bockmann
|
0-0: Ball 1-0: Foul Ball, location: 2F 1-1: Swinging Strike 1-2: Foul Ball, location: 2F 1-2: Strikes out swinging
|
|
Pitching: RHP Joe Underhill
|
|
|
Batting: LHB David Ramos
|
0-0: Ball 1-0: Fly out, F8 (Flyball, 8RD, EV 105.6 MPH)
|
| Top of the 7th over - 0 runs, 1 hit, 0 errors, 2 left on base; Winnipeg 3 - Southern Maryland 2 |
| BOTTOM OF THE 7TH |
|
Southern Maryland Blue Crabs batting - Pitching for Winnipeg Goldeyes : RHP Olegário Salsinha
|
|
Batting: RHB Kevin Popowicz
|
0-0: Ball 1-0: Foul Ball, location: 2F 1-1: Ball 2-1: Foul Ball, location: 2F 2-2: Ball 3-2: SINGLE (Groundball, 56D, EV 94.4 MPH)
|
|
Batting: LHB Jeremy Nuzzo
|
0-0: Called Strike 0-1: Ball 1-1: Foul Ball, location: 2F 1-2: Ball 2-2: Ball 3-2: Foul Ball, location: 2F 3-2: Strikes out swinging
|
|
Batting: RHB Maup Gommers
|
0-0: Ball 1-0: Ball 2-0: SINGLE (Flyball, 78S, EV 98.8 MPH) Kevin Popowicz to second
|
|
Batting: RHB Jonathan Mendoza
|
0-0: Ball 1-0: Fielders Choice at 2nd, 6-4 (Groundball, 6M, EV 77.5 MPH) Kevin Popowicz to third
|
|
Pinch Hitting: LHB Pat Fontana
|
0-0: Ball 1-0: Ball 2-0: Ball 3-0: Base on Balls Jonathan Mendoza to second
|
|
Batting: RHB Minoru Matsumoto
|
0-0: Fly out, F8 (Line Drive, 8RM, EV 94.4 MPH)
|
| Bottom of the 7th over - 0 runs, 2 hits, 0 errors, 3 left on base; Winnipeg 3 - Southern Maryland 2 |
| TOP OF THE 8TH |
|
Winnipeg Goldeyes batting - Pitching for Southern Maryland Blue Crabs : RHP Joe Underhill
|
|
Now in CF: Pat Fontana
|
|
|
Batting: LHB Shaun Price
|
0-0: Ball 1-0: Ball 2-0: Fly out, F9 (Flyball, 9S, EV 88.1 MPH)
|
|
Batting: RHB Nestor Moreno
|
0-0: Foul Ball, location: 2F 0-1: Called Strike 0-2: Ball 1-2: Strikes out swinging
|
|
Batting: RHB Ratko Macura
|
0-0: Ball 1-0: Foul Ball, location: 2F 1-1: Ball 2-1: Called Strike 2-2: Foul Ball, location: 2F 2-2: Strikes out swinging
|
| Top of the 8th over - 0 runs, 0 hits, 0 errors, 0 left on base; Winnipeg 3 - Southern Maryland 2 |
| BOTTOM OF THE 8TH |
|
Southern Maryland Blue Crabs batting - Pitching for Winnipeg Goldeyes : RHP Olegário Salsinha
|
|
Batting: RHB Simon Van Steenwyk
|
0-0: Ball 1-0: Ball 2-0: Called Strike 2-1: SOLO HOME RUN (Flyball, 7LD, EV 98.8 MPH), Distance : 362 ft
|
|
Pinch Hitting: SHB Carlos Carrillo
|
0-0: Called Strike 0-1: Ball 1-1: Foul Ball, location: 2F 1-2: Foul Ball, location: 2F 1-2: Strikes out looking
|
|
Batting: LHB Chris Cohen
|
0-0: Ball 1-0: Foul Ball, location: 2F 1-1: Called Strike 1-2: Foul Ball, location: 2F 1-2: Strikes out looking
|
|
Batting: RHB Kevin Popowicz
|
0-0: Ball 1-0: Ball 2-0: Called Strike 2-1: Ball 3-1: Base on Balls
|
|
Pitching: LHP Willie Jimenez
|
|
|
Batting: LHB Jeremy Nuzzo
|
0-0: Called Strike 0-1: Ball 1-1: Ball 2-1: Ball 3-1: Called Strike 3-2: Base on Balls Kevin Popowicz to second
|
|
Batting: RHB Maup Gommers
|
0-0: Called Strike 0-1: Ball 1-1: Foul Ball, location: 2F 1-2: Strikes out swinging
|
| Bottom of the 8th over - 1 run, 1 hit, 0 errors, 2 left on base; Winnipeg 3 - Southern Maryland 3 |
| TOP OF THE 9TH |
|
Winnipeg Goldeyes batting - Pitching for Southern Maryland Blue Crabs : RHP Joe Underhill
|
|
Now at 2B: Edwin Cabral
|
|
|
Batting: LHB Jon Ventura
|
0-0: Fly out, F8 (Line Drive, 89M, EV 107.5 MPH)
|
|
Batting: RHB Sergio Gomez
|
0-0: Ball 1-0: Foul Ball, location: 2F 1-1: Swinging Strike 1-2: Ball 2-2: Foul Ball, location: 2F 2-2: Ball 3-2: Fly out, F9 (Flyball, 9LM, EV 80.6 MPH)
|
|
Batting: RHB Tim Carter
|
0-0: Ball 1-0: Foul Ball, location: 2F 1-1: Ball 2-1: Ball 3-1: Foul Ball, location: 2F 3-2: Strikes out swinging
|
| Top of the 9th over - 0 runs, 0 hits, 0 errors, 0 left on base; Winnipeg 3 - Southern Maryland 3 |
| BOTTOM OF THE 9TH |
|
Southern Maryland Blue Crabs batting - Pitching for Winnipeg Goldeyes : LHP Willie Jimenez
|
|
Pitching: RHP Jason McCaw
|
|
|
Batting: RHB Jonathan Mendoza
|
0-0: Called Strike 0-1: Ball 1-1: Called Strike 1-2: Foul Ball, location: 2F 1-2: Ball 2-2: Ball 3-2: Foul Ball, location: 2F 3-2: Foul Ball, location: 2F 3-2: SINGLE (Flyball, 9S, EV 94.4 MPH)
|
|
Batting: LHB Pat Fontana
|
0-0: Foul Ball, location: 2F 0-1: Fly out, F8 (Flyball, 8RD, EV 100.6 MPH)
|
|
Batting: RHB Minoru Matsumoto
|
0-0: Called Strike 0-1: Swinging Strike 0-2: Strikes out looking
|
|
Batting: RHB Simon Van Steenwyk
|
0-0: Foul Ball, location: 2F 0-1: Called Strike 0-2: Strikes out swinging
|
| Bottom of the 9th over - 0 runs, 1 hit, 0 errors, 1 left on base; Winnipeg 3 - Southern Maryland 3 |
| TOP OF THE 10TH |
|
Winnipeg Goldeyes batting - Pitching for Southern Maryland Blue Crabs : RHP Joe Underhill
|
|
Pitching: RHP Harold Price
|
|
|
Batting: LHB Marshall Daul
|
0-0: Called Strike 0-1: Ball 1-1: Swinging Strike 1-2: Strikes out looking
|
|
Batting: RHB Caleb Bockmann
|
0-0: Ball 1-0: Ground out 5-3 (Groundball, 56, EV 111.2 MPH)
|
|
Batting: LHB David Ramos
|
0-0: Called Strike 0-1: Ball 1-1: Fly out, F7 (Flyball, 7LM, EV 101.9 MPH)
|
| Top of the 10th over - 0 runs, 0 hits, 0 errors, 0 left on base; Winnipeg 3 - Southern Maryland 3 |
| BOTTOM OF THE 10TH |
|
Southern Maryland Blue Crabs batting - Pitching for Winnipeg Goldeyes : RHP Jason McCaw
|
|
Batting: LHB Edwin Cabral
|
0-0: Ball 1-0: Ball 2-0: Ball 3-0: Base on Balls
|
|
Batting: LHB Chris Cohen
|
0-0: Ball 1-0: Called Strike 1-1: Fly out, F9 (Flyball, 9D, EV 75.0 MPH)
|
|
Batting: RHB Kevin Popowicz
|
0-0: Called Strike 0-1: Ball 1-1: Fly out, F1 (Popup, 15, EV 82.5 MPH)
|
|
Batting: LHB Jeremy Nuzzo
|
0-0: Ball 1-0: SINGLE (Line Drive, 78S, EV 97.5 MPH) Edwin Cabral to second Runner from 2nd tries for 3rd, OUT! 7-5
|
| Bottom of the 10th over - 0 runs, 1 hit, 0 errors, 1 left on base; Winnipeg 3 - Southern Maryland 3 |
| TOP OF THE 11TH |
|
Winnipeg Goldeyes batting - Pitching for Southern Maryland Blue Crabs : RHP Harold Price
|
|
Batting: LHB Shaun Price
|
0-0: Foul Ball, location: 2F 0-1: Reached on error, E6 (Groundball, 6, EV 83.1 MPH)
|
|
Pinch Hitting: RHB Josh Harmon
|
0-0: Ball 1-0: Swinging Strike 1-1: Foul Ball, location: 2F 1-2: SINGLE (Flyball, 89S, EV 95.6 MPH) Shaun Price to second
|
|
Batting: RHB Ratko Macura
|
0-0: Ground out U3 (Groundball, 3S, EV 66.2 MPH) Shaun Price to third Josh Harmon to second
|
|
Batting: LHB Jon Ventura
|
0-0: Swinging Strike 0-1: DOUBLE (Flyball, 89XD, EV 92.5 MPH) Shaun Price scores Josh Harmon scores
|
|
Batting: RHB Sergio Gomez
|
0-0: Fly out, F4 (Line Drive, 4M, EV 63.8 MPH)
|
|
Batting: RHB Tim Carter
|
0-0: SINGLE (Flyball, 6MD, EV 88.1 MPH) Jon Ventura to third
|
|
Batting: LHB Marshall Daul
|
0-0: Called Strike 0-1: Foul Ball, location: 2F 0-2: Ball 1-2: Ball 2-2: Ball 3-2: Ground out 4-3 (Groundball, 34S, EV 86.2 MPH)
|
| Top of the 11th over - 2 runs, 3 hits, 1 error, 2 left on base; Winnipeg 5 - Southern Maryland 3 |
| BOTTOM OF THE 11TH |
|
Southern Maryland Blue Crabs batting - Pitching for Winnipeg Goldeyes : RHP Jason McCaw
|
|
Now in LF: Jose Hilario
|
|
|
Now in CF: Chris Bejarano
|
|
|
Batting: RHB Maup Gommers
|
0-0: Called Strike 0-1: Ball 1-1: Ball 2-1: Swinging Strike 2-2: Strikes out swinging
|
|
Batting: RHB Jonathan Mendoza
|
0-0: Ball 1-0: Fly out, F7 (Flyball, 7, EV 83.8 MPH)
|
|
Batting: LHB Pat Fontana
|
0-0: Ball 1-0: Foul Ball, location: 2F 1-1: Ball 2-1: Called Strike 2-2: Fly out, F8 (Flyball, 8RD, EV 82.5 MPH)
|
| Bottom of the 11th over - 0 runs, 0 hits, 0 errors, 0 left on base; Winnipeg 5 - Southern Maryland 3 |
|